 Dungeon Crawl Stone Soup version 0.30-a0-7-g94fe547ab8 (webtiles) character file.

Game seed: 8064586863667510479

38 Plasmagod the Chopper (level 3, -1/23 HPs)
             Began as a Gargoyle Fighter on Aug 23, 2022.
             Slain by a gnoll
             ... wielding a +0 halberd
              (5 damage)
             ... on level 2 of the Dungeon.
             The game lasted 00:01:23 (1506 turns).

Plasmagod the Chopper (Gargoyle Fighter)            Turns: 1506, Time: 00:01:23

Health: -1/23      AC: 10    Str: 21    XL:     3   Next: 43%
Magic:  3/3        EV:  9    Int:  8    God:
Gold:   160        SH:  4    Dex:  9    Spells: 2/2 levels left

rFire   . . .      SeeInvis .    a - +0 war axe
rCold   . . .      Faith    .    c - +0 buckler
rNeg    + . .      Spirit   .    b - +0 scale mail
rPois   ∞          Reflect  .    (no helmet)
rElec   +          Harm     .    (no cloak)
rCorr   .          Rampage  .    (no gloves)
Will    .....                    (no boots)
Stlth   ..........               (no amulet)
HPRegen 0.07/turn                (no ring)
MPRegen 0.08/turn                (no ring)

@: no status effects
A: sickness immunity, AC +3, negative energy resistance 1, electricity
resistance, torment resistance 1, petrification resistance
a: no special abilities


You were on level 2 of the Dungeon.
You visited 1 branch of the dungeon, and saw 2 of its levels.

You collected 160 gold pieces.

Inventory:

Hand Weapons
 a - a +0 war axe (weapon)
Armour
 b - a +0 scale mail (worn)
 c - a +0 buckler (worn)
Jewellery
 m - a ring of magical power
Scrolls
 f - 2 scrolls of identify {unknown}
 g - a scroll of torment {unknown}
 j - 2 scrolls of teleportation {unknown}
 n - a scroll of immolation {unknown}
Potions
 d - 2 potions of might
 e - 2 potions of ambrosia {unknown}
 h - a potion of heal wounds {unknown}
 i - 3 potions of curing {unknown}
 k - a potion of haste {unknown}
 l - 3 potions of cancellation {unknown}


   Skills:
 - Level 3.2 Fighting
 + Level 3.4 Axes
 - Level 3.2 Armour
 - Level 3.2 Shields


You had 2 spell levels left.
You didn't know any spells.
Your spell library was empty.

Dungeon Overview and Level Annotations

Branches:
Dungeon (2/15)

Altars:
Trog


Innate Abilities, Weirdness & Mutations

You are immune to sickness and miasma.
Your stone body is resilient. (AC +3)
You are immune to poison.
You resist negative energy. (rN+)
You are resistant to electric shocks. (rElec)
You are resistant to unholy torment.
You are immune to petrification.


Message History

No target in view!
No target in view!
No target in view!
Things that are here:
a +0 short sword; a +0 giant spiked club You now have 153 gold pieces (gained 17).
You now have 160 gold pieces (gained 7).
A gnoll comes into view. It is wielding a +0 spear.
A gnoll comes into view. It is wielding a +0 club.
The gnoll shouts!
The gnoll moves out of view.
A gnoll comes into view. It is wielding a +0 club.
The gnoll hits you but does no damage.
You closely miss the gnoll.
A gnoll comes into view. It is wielding a +0 halberd.
You block the gnoll's attack.
The gnoll shouts!
You hit the gnoll but do no damage. The gnoll hits you with a +0 spear.
You closely miss the gnoll. The gnoll hits you with a +0 spear.
The gnoll hits you but does no damage. The gnoll attacks as you move away!
The gnoll hits you but does no damage. The gnoll hits you with a +0 club.
You hit the gnoll.
The gnoll is heavily wounded.
You closely miss the gnoll. The gnoll hits you with a +0 club.
You block the gnoll's attack.
You hit the gnoll.
The gnoll is heavily wounded.
You slash the gnoll! The gnoll barely misses you.
The gnoll hits you with a +0 club. You block the gnoll's attack.
The gnoll hits you but does no damage. The gnoll misses you.
You block the gnoll's attack.
The gnoll hits you from afar with a +0 halberd!
* * * LOW HITPOINT WARNING * * *
You hit the gnoll.
The gnoll is severely wounded.
You hit the gnoll. The gnoll hits you but does no damage.
The gnoll closely misses you.
The gnoll hits you from afar with a +0 halberd.
You die...

#...............###.....
#........#......# #.....
####.###.#......# ##..._
#............###..... ####
####..)#.........#... ...#
#.........##...... ...#
#.#.#..........#..
..<#############.#.#.....>.......
...............g@................
.......#########.g##.......###...
...###...## #gg##.........##..
#### ###..# #..#####.#..#.....
##.# #..# ###.##.##.†#.
#.######.## #............
######..##....####.#........##
#...........#.........####..##
#.....<....#.........## #....


You could see 4 gnolls.

Vanquished Creatures
  A dart slug (D:1)
  4 ball pythons
  3 bats (D:1)
  5 endoplasms (D:1)
  2 giant cockroaches
  4 goblins (D:1)
  2 hobgoblins (D:1)
  2 quokkas (D:1)
  3 kobolds
  3 rats
29 creatures vanquished.

Notes
Turn   | Place    | Note
-------+----------+-------------------------------------------
     0 | D:1      | Plasmagod the Gargoyle Fighter began the quest for the Orb.
     0 | D:1      | Reached XP level 1. HP: 14/14 MP: 1/1
   125 | D:1      | Reached XP level 2. HP: 15/19 MP: 2/2
   720 | D:1      | Reached XP level 3. HP: 23/23 MP: 3/3
  1302 | D:2      | Found a faded altar of an unknown god.
  1353 | D:2      | Found a bloodstained altar of Trog.
  1506 | D:2      | Slain by a gnoll

Illustrated notes

Levels and vault maps discovered:
D:1:      dpeg_arrival_rooms_with_view, layout_loops_corners
D:2:      layout_rooms, shapermc_ecumenical_altar_mp_urbaneastern, basic_altar

Skill      XL: |  1  2 |
---------------+-------+-----
Axes           | 2 3 |  3.4
Fighting       | |  3.2
Armour         | |  3.2
Shields        | |  3.2

Action                   || total
-------------------------++-------
Melee: War axe           ||    88
Armor: Scale mail        ||    54
Dodge: Dodged            ||    51
Block: Buckler           ||    19

Table legend: (Time is in decaauts)
 A = Elapsed time spent in this place.
 B = Non-inter-level travel time spent in this place.
 C = Inter-level travel time spent in this place.
 D = Time resting spent in this place.
 E = Time spent auto-exploring this place.
 F = Levels seen in this place.
 G = Mean time per level.
                   A        B        C        D        E       F      G
               +--------+--------+--------+--------+--------+-----+--------+
         Total |   1539 |   1520 |     19 |      0 |   1279 |   2 |  769.5 |
       Dungeon |   1539 |   1520 |     19 |      0 |   1279 |   2 |  769.5 |
               +--------+--------+--------+--------+--------+-----+--------+

Top non-repeatable levels by time:
     D:1: 1260 daAuts
     D:2: 278 daAuts
